Description

2-1-1 Double Drop is my favourite build, but this build becomes useless versus Terran, Protoss or zergs with early aggression and that why I made a more safe version of this build.

Pluses of the build:

1: You still have two medivacs with 16 marines - this is a very good thing for taking an economic advantage

2: You have Widow Mines versus Protoss oracle's or versus Zerg's early aggression, besides it, Mines will be very useful versus Terran's 2 reapers 1 hellion

3: We have a very early bunker and this bunker can defend our base versus any aggression, but only if this dont proxy.

Minus of the build:

We get a 2-1-1 Double Drop a minute later than usual.

Don't forget that 2-1-1 Double Drop need to have a good micro to play if you don't have good micro you can play my safe opening (https://lotv.spawningtool.com/build/112324/) or play any other build.

Build Order

Get SALT Encoding   

  12  0:00  SCV  
  13  0:13  SCV  
  14  0:18  Supply Depot  
  14  0:25  SCV  
  15  0:39  SCV  
  15  0:42  Barracks  
  16  0:45  Refinery  
  16  0:52  SCV  
  17  1:04  SCV  
  18  1:16  SCV  
  19  1:29  Orbital Command  
  19  1:30  Reaper  
  20  1:40  Command Center  
  20  1:46  Bunker  
  20  1:54  SCV  
  20  1:59  Supply Depot  
  21  2:02  Marine  
  21  2:07  SCV  
  23  2:13  Factory  
  23  2:20  SCV  
  24  2:27  Refinery  
  24  2:30  Barracks Reactor  
  25  2:38  Barracks  
  26  2:54  Orbital Command  
  26  2:57  Widow Mine  
  29  3:06  Marine x2  
  32  3:18  Widow Mine  
  34  3:24  Marine x2  
  34  3:25  Supply Depot  
  38  3:27  Barracks Tech Lab  
  39  3:39  Starport  
  39  3:40  Factory Reactor  
  40  3:43  Marine x3  
  40  3:46  Stimpack  
  43  3:51  Supply Depot  
  45  4:02  Marine x2  
  49  4:14  Supply Depot  
  53  4:24  Medivac x2  
  53  4:25  Factory Tech Lab  
  60  4:43  Siege Tank  
  68  5:00  Command Center  
Spawning Tool Build Advisor. Get it on Overwolf

Analysis

Some Text

Go to:

Details

  • Created by: MaXGrig 
  • Published on: Dec 27, 2019
  • Modified on: Dec 28, 2019
  • Patch: 4.11.0
Show
View Real Time Build Order
Export as new Build Order

Comments (0)

There are no comments. Be the first!

Create an account to comment!